 Dungeon Crawl Stone Soup version 0.31.0-1-g2c135a008e (webtiles) character file.

Game seed: 8909051951557062428

109 qw the Shooter (level 5, -11/40 HPs)
             Began as a Djinni Hunter on Jan 23, 2024.
             Killed by divine providence
             ... invoked by an orc priest
              (12 damage)
             ... on level 3 of the Dungeon.
             The game lasted 00:00:06 (2218 turns).

qw the Shooter (Djinni Hunter)                      Turns: 2218, Time: 00:00:07

Health: -11/40     AC:  5    Str:  9    XL:     5   Next: 13%
Gold:   144        EV: 10    Int: 15    God:
                   SH:  0    Dex: 17

rFire   + + .        a - +1 shortbow
rCold   x . .        (shield currently unavailable)
rNeg    + . .        d - +0 ring mail
rPois   inf          (no helmet)
rElec   .            (no cloak)
rCorr   .            (no gloves)
SInv    .            (boots unavailable)
Will    .....        (no amulet)
Stlth   +            b - ring of positive energy
HPRegen 0.26/turn    (no ring)
MPRegen 0.00/turn

%: infuse magic (-12 HP)
@: flying
A: sickness immunity, fire resistance 2, cold vulnerability 1, float, innate
caster, HP casting, extra vitality 1, clever 1, evolution 1, MP-powered wands
a: no special abilities


You were on level 3 of the Dungeon.
You visited 1 branch of the dungeon, and saw 3 of its levels.

You collected 144 gold pieces.


Innate Abilities, Weirdness & Mutations

You are immune to sickness and miasma.
You are immune to poison.
Your flesh is very heat resistant. (rF++)
You are vulnerable to cold. (rC-)
You float through the air rather than walking.
You learn spells naturally, not from books.
Your magical power is your life essence.
You have superior vitality. (+4 MHP)
Your mind is acute. (Int +4, Str/Dex -1)
You have hidden genetic potential.
You expend health (3 HP) to strengthen your wands.


   Skills:
 - Level 3.0 Fighting
 + Level 4.5 Ranged Weapons
 - Level 1.0 Armour
 - Level 2.1 Dodging
 - Level 0.7 Stealth


You knew the following spells:

 Your Spells              Type           Power      Damage    Failure   Level
a - Necrotise             Necr           0%         1d4       58%         1
b - Lesser Beckoning      Tloc           0%         N/A       75%         2
Your spell library was empty.

Inventory:

Hand Weapons
 a - a +1 shortbow (weapon)
Armour
 d - a +0 ring mail (worn)
Jewellery
 b - a ring of positive energy (left hand)
Scrolls
 c - a scroll of enchant armour {unknown}
 f - 2 scrolls of immolation {unknown}
 g - a scroll of fear {unknown}
 i - a scroll of identify
Potions
 e - a potion of lignification {unknown}
 h - a potion of heal wounds {unknown}
 j - a potion of might {unknown}

Dungeon Overview and Level Annotations

Branches:
Dungeon (3/15)

Altars:

Shops:
D:2 :


Message History

The orc closely misses you. The orc barely misses you.
The orc priest invokes the aid of Beogh against you.
Beogh smites you!
You shoot an arrow. The arrow completely misses the orc.
The orc hits you but does no damage. The orc closely misses you.
The orc hits you but does no damage. The orc hits you with a +0 club.
You shoot an arrow.
The arrow hits the orc but does no damage.
The orc is moderately wounded.
The orc hits you with a +0 club. The orc barely misses you.
You shoot an arrow. The arrow hits the orc!
You kill the orc!
The orc closely misses you.
You shoot an arrow. The arrow hits the orc.
The orc is lightly wounded.
The orc closely misses you.
You shoot an arrow. The arrow barely misses the orc.
The orc barely misses you. The orc hits you but does no damage.
You shoot an arrow.
The arrow hits the orc but does no damage.
The orc is lightly wounded.
The orc hits you with a +0 mace. The orc hits you with a +0 dagger.
You shoot an arrow. The arrow hits the orc.
You kill the orc!
The orc hits you with a +0 mace.
The orc priest hits you with a +0 dagger.
You shoot an arrow.
The arrow closely misses the orc priest.
The orc hits you with a +0 mace.
The orc priest miscasts a cantrip.
You shoot an arrow. The arrow hits the orc priest.
The orc priest is lightly wounded.
You hear the rapid rusting of a distant drain.
The orc barely misses you. The orc priest barely misses you.
You shoot an arrow. The arrow hits the orc priest.
The orc priest is lightly wounded.
The orc barely misses you.
The orc priest invokes the aid of Beogh against you.
Beogh smites you!
You die...

#.####.# ...#
#.# #.##...#
#.# #.##.#.#
#.. #.##%#.#
#......#
###.>.##
#.....##
########.
#......#
#oo......
#......######@#
##...#........#
##############


You could see an orc priest and an orc.

Vanquished Creatures
  6 adders
  3 orcs (D:3)
  5 ball pythons
  10 bats
  2 endoplasms (D:2)
  6 giant cockroaches
  2 hobgoblins
  A quokka (D:2)
  4 frilled lizards
  3 goblins
  5 kobolds
  7 rats
54 creatures vanquished.

Notes
Turn   | Place    | Note
-------+----------+-------------------------------------------
     0 | D:1      | qw the Djinni Hunter began the quest for the Orb.
     0 | D:1      | Reached XP level 1. HP: 18/18 MP: 0/0
     0 | D:1      | 0 ||| qw: Version: 0.3-a-135-gb77e89d
     0 | D:1      | 0 ||| qw: Game counter: 888
     0 | D:1      | 0 ||| qw: Melee chars always use a shield: true
     0 | D:1      | 0 ||| qw: God list: Okawaru
     0 | D:1      | 0 ||| qw: Allow faded altars: false
     0 | D:1      | 0 ||| qw: Do Orc after clearing Dungeon:15 true
     0 | D:1      | 0 ||| qw: Do second Lair branch before Depths: true
     0 | D:1      | 0 ||| qw: Lair rune preference: random
     0 | D:1      | 0 ||| qw: Goals: Normal
     0 | D:1      | 0 ||| PLANNING D:1-11
   701 | D:1      | 701 ||| UPGRADING to +0 ring mail.
   711 | D:1      | 711 ||| DROPPING +0 leather armour.
   712 | D:1      | 712 ||| READING scroll labelled PAOLUV GINIOWK.
   713 | D:1      | 713 ||| READING scroll labelled QUYHOGH DEDULI.
   713 | D:1      | 713 ||| IDENTIFYING fuming blue potion
   714 | D:1      | 714 ||| READING scroll labelled IPUALO VEVOWK.
   815 | D:1      | 815 ||| DROPPING scroll of butterflies.
   816 | D:1      | 816 ||| DROPPING potion of attraction.
   889 | D:2      | Reached XP level 2. HP: 22/23 MP: 0/0
  1118 | D:2      | Reached skill level 4 in Ranged Weapons
  1118 | D:2      | Reached XP level 3. HP: 26/28 MP: 0/0
  1118 | D:2      | Learned a level 1 spell: Necrotise
  1259 | D:2      | Reached skill level 1 in Armour
  1387 | D:2      | Found Pani Kug's Book Emporium.
  1556 | D:2      | 1556 ||| UPGRADING to ring of positive energy.
  1557 | D:2      | 1557 ||| READING scroll of identify.
  1557 | D:2      | 1557 ||| IDENTIFYING grey potion
  1558 | D:2      | 1558 ||| DRINKING potion of mutation.
  1558 | D:2      | Gained mutation: Your mind is acute. (Int +4, Str/Dex -1)
                  | [potion of mutation]
  1558 | D:2      | Gained mutation: You have hidden genetic potential. [potion
                  | of mutation]
  1559 | D:2      | 1559 ||| READING scroll labelled LOMULI ASEIBU.
  1560 | D:2      | 1560 ||| READING scroll labelled YNIDUI MOTUYTWUICW.
  1565 | D:2      | 1565 ||| READING scroll labelled OCYIMA FUE.
  1565 | D:2      | 1565 ||| ENCHANTING +0 shortbow.
  1590 | D:3      | 1590 ||| PLANNING SEWER
  1627 | D:3      | Reached XP level 4. HP: 34/34 MP: 0/0
  1671 | D:3      | Reached skill level 3 in Fighting
  1676 | D:3      | Gained mutation: You expend health (3 HP) to strengthen
                  | your wands. [hidden potential]
  2178 | D:3      | Reached XP level 5. HP: 40/40 MP: 0/0
  2178 | D:3      | Learned a level 2 spell: Lesser Beckoning
  2214 | D:3      | HP: 10/40 [orc/+0 mace (5)]
  2216 | D:3      | HP: 1/40 [orc/+0 mace (5)]
  2218 | D:3      | Killed from afar by an orc priest

Levels and vault maps discovered:
D:1:      dpeg_arrival_water_fire, layout_basic,
          nicolae_kite_square_tiling_tiny, chequers_avenue
D:2:      layout_basic, serial_shops, shop, serial_bayou_pond_b, minivault_26
D:3:      layout_loops_cross, gup_sewer_entry_bubbles, st_stairs_10

Skill      XL: |  1  2  3  4 |
---------------+-------------+-----
Ranged Weapons | 4 |  4.5
Armour         | 1 |  1.0
Fighting       | 3 |  3.0
Dodging        | |  2.1
Stealth        | |  0.7

Action                     |  1- 3 |  4- 6 || total
---------------------------+-------+-------++-------
   Fire: Shortbow          |    68 |    79 ||   147
    Use: Scroll            |     7 |       ||     7
         Potion            |     1 |       ||     1
 Armour: Ring mail         |    21 |    66 ||    87
  Dodge: Dodged            |    13 |    59 ||    72

Table legend:
 A = Non-vault XP
 B = Vault XP
 C = Vault XP percentage of total XP
 D = Non-vault monster count
 E = Vault monster count
 F = Vault count percentage of total count
                 A         B        C        D         E       F
            +---------+---------+-------+---------+---------+-------
      Total |     146 |      11 |   7.0 |      47 |       7 |  13.0
            +---------+---------+-------+---------+---------+-------
        D:1 |       8 |       0 |   0.0 |       5 |       0 |   0.0
        D:2 |      42 |       5 |  10.6 |      17 |       4 |  19.0
        D:3 |      96 |       6 |   5.9 |      25 |       3 |  10.7
            +---------+---------+-------+---------+---------+-------
